Map: Rooftop Terrace

Players

Metasapien - Winner!

  • Race: Zerg Zerg
  • League: Platinum
  • Spawn Location: 6:00

Void - Winner!

  • Race: Zerg Zerg
  • Spawn Location: 7:00

imperfecTO - Winner!

  • Race: Terran Terran
  • Spawn Location: 6:00

CoelhoSansao - Winner!

  • Race: Terran Terran
  • League: Gold
  • Spawn Location: 5:00

SeCtoR

  • Race: Protoss Protoss
  • Spawn Location: 12:00

Nomad

  • Race: Terran Terran
  • League: Silver
  • Spawn Location: 11:00

Azreal

  • Race: Protoss Protoss
  • Spawn Location: 12:00

ProfessorG

  • Race: Zerg Zerg
  • Spawn Location: 1:00

VOD

Have the link to the VOD?

Description

Time

  • Played on: Sept. 23, 2017, 6:42 a.m.
  • Length: 22:22
Show
View Real Time Build Order
Export as new Build Order

Metasapien Zerg - Winner!

Build Orders: Pool First 

Get SALT Encoding   

  12  0:01  Drone  
  13  0:30  Overlord, Spawning Pool  
  13  0:34  Drone  
  13  0:39  Drone  
  14  0:45  Drone, Extractor  
  14  0:53  Drone  
  15  1:04  Drone  
  16  1:27  Drone x2  
  16  1:29  Hatchery  
  17  1:36  Zergling x2  
  18  1:51  Drone  
  19  1:57  Drone  
  20  2:08  Overlord  
  20  2:14  Metabolic Boost  
  20  2:19  Drone  
  21  2:27  Hatchery  
  20  2:32  Queen  
  20  2:36  Drone  
  24  2:44  Drone  
  24  2:53  Drone  
  25  3:01  Drone x2  
  25  3:02  Drone  
  28  3:11  Roach Warren  
  27  3:22  Queen, Extractor  
  27  3:24  Drone  
  29  3:27  Drone  
  29  3:29  Drone  
  31  3:34  Overlord  
  31  3:46  Drone x3  
  34  3:51  Queen  
  34  3:53  Drone  
  34  3:55  Drone  
  38  4:14  Drone x3  
  38  4:16  Drone x2  
  38  4:17  Drone  
  44  4:18  Overlord  
  44  4:19  Overlord  
  44  4:25  Lair  
  44  4:32  Roach x2  
  48  4:50  Drone x4  
  48  4:51  Drone  
  53  4:53  Extractor  
  53  4:54  Drone  
  53  4:55  Drone, Extractor  
  53  4:56  Roach x3  
  53  4:57  Roach  
  61  5:00  Roach  
  61  5:02  Drone  
  61  5:04  Overlord  
  64  5:17  Drone x2  
  66  5:23  Drone x2  
  66  5:27  Overlord x2  
  66  5:28  Overlord  
  68  5:32  Glial Reconstitution  
  68  5:33  Hydralisk Den  
  68  5:35  Drone x2  
  69  5:46  Drone  
  69  5:47  Drone x2  
  69  5:48  Drone x2  
  74  5:50  Drone x4  
  74  5:51  Drone  
  74  5:53  Roach x2  
  82  6:00  Ravager x2  
  82  6:02  Ravager  
  85  6:05  Hydralisk x2  
  85  6:06  Roach x2  
  85  6:07  Roach x2  
  85  6:09  Overlord  
  97  6:11  Overlord  
  97  6:23  Drone, Extractor  
  97  6:24  Drone, Extractor  
  97  6:25  Drone  
  98  6:46  Nydus Network  
  97  6:50  Drone x3  
  97  6:52  Drone x3  
  104  6:54  Drone x2  
  104  6:55  Overlord x2  
  104  6:57  Roach, Hydralisk x2  
  104  6:58  Roach x2  
  103  7:13  Ravager  
  91  7:34  Hydralisk  
  91  7:35  Roach x3, Hydralisk x4  
  91  7:36  Roach x3  
  113  7:55  Muscular Augments  
  113  8:04  Evolution Chamber x2  
  111  8:06  Nydus Canal  
  111  8:09  Hatchery  
  111  8:10  Hydralisk x4  
  111  8:11  Hydralisk, Roach x5  
  111  8:12  Overlord x2  
  130  8:14  Overlord  
  130  8:15  Pneumatized Carapace  
  130  8:16  Burrow  
  130  8:21  Tunneling Claws  
  130  8:31  Zerg Missile Weapons Level 1  
  130  8:33  Zerg Ground Armor Level 1  
  130  8:35  Hydralisk x2  
  130  8:36  Roach x2  
  130  8:37  Roach  
  130  8:40  Hydralisk  
  142  8:55  Overseer  
  142  9:00  Overlord x2  
  142  9:01  Overlord x2  
  142  9:11  Infestation Pit  
  141  9:18  Hydralisk  
  141  9:19  Roach x2, Hydralisk x4  
  141  9:20  Roach x3  
  141  9:22  Drone  
  164  9:43  Hydralisk x2  
  164  9:44  Roach x2, Hydralisk x4  
  164  9:45  Roach x4  
  178  9:47  Drone  
  176  10:03  Hatchery  
  175  10:15  Queen  
  177  10:24  Overlord x3  
  177  10:41  Queen  
  180  10:42  Drone  
  180  10:43  Drone x5  
  180  10:44  Drone x2  
  180  10:47  Infestor x3  
  180  10:48  Infestor x2  
  197  10:55  Pathogen Glands  
  197  10:56  Zerg Missile Weapons Level 2  
  197  10:58  Zerg Ground Armor Level 2  
  197  11:21  Drone  
  197  11:22  Queen  
  200  11:29  Nydus Canal  
  186  12:15  Extractor  
  186  12:18  Extractor  
  184  12:42  Hydralisk  
  184  12:43  Hydralisk x3  
  192  12:58  Nydus Canal  
  160  13:24  Hydralisk x2  
  160  13:25  Roach x2, Hydralisk x7  
  160  13:26  Hydralisk x5, Roach x3  
  147  13:54  Hydralisk x3  
  147  13:55  Roach, Hydralisk x4  
  136  14:20  Hydralisk x2  
  136  14:21  Roach x4, Hydralisk  
  124  14:31  Hydralisk  
  105  14:32  Roach  
  103  14:49  Overseer  
  103  14:52  Hydralisk x3  
  103  14:53  Roach x3  
  91  15:31  Hydralisk x4  
  91  15:32  Hydralisk x5  
  91  15:33  Hydralisk x2  
  91  15:34  Hydralisk  
  115  15:44  Hatchery  
  115  15:48  Extractor  
  113  15:51  Nydus Canal  
  113  15:55  Hydralisk x2  
  113  15:56  Roach x2, Hydralisk x2  
  113  15:57  Roach  
  115  16:08  Hive  
  111  16:34  Spore Crawler  
  111  16:35  Spine Crawler  
  111  16:38  Spine Crawler  
  108  16:56  Queen, Extractor  
  108  16:57  Drone  
  108  17:00  Hydralisk x4  
  108  17:01  Hydralisk x4  
  118  17:02  Roach x4, Hydralisk x2  
  118  17:03  Drone, Infestor x3  
  118  17:04  Infestor  
  118  17:05  Queen  
  118  17:06  Overlord x2  
  149  17:17  Hydralisk x4  
  157  17:34  Roach, Hydralisk x3  
  157  17:35  Roach x3  
  171  17:44  Drone  
  172  17:53  Hydralisk x2  
  172  17:54  Roach x3, Hydralisk  
  172  17:55  Roach  
  172  17:56  Zerg Missile Weapons Level 3, Zerg Ground Armor Level 3  
  186  18:22  Hydralisk x3  
  186  18:23  Roach, Hydralisk x2  
  186  18:24  Roach  
  196  19:41  Nydus Canal  
  196  19:47  Hydralisk  
  196  19:48  Roach  
  200  20:07  Nydus Canal  
  197  20:21  Ravager  
  191  21:22  Hatchery  
  190  21:42  Nydus Canal  
  190  21:58  Extractor  
  190  21:59  Spine Crawler, Extractor  
  185  22:07  Hatchery  
  185  22:08  Spine Crawler  
  184  22:12  Spine Crawler  
  184  22:15  Spine Crawler  
Show
View Real Time Build Order
Export as new Build Order

Void Zerg - Winner!

Build Orders: Pool First 

Get SALT Encoding   

  12  0:24  Spawning Pool  
  12  1:11  Zergling x6  
  12  1:16  Hatchery  
  12  1:17  Extractor  
  12  1:26  Overlord  
  12  1:36  Zergling x2  
  13  1:52  Drone  
  14  2:05  Drone x2  
  16  2:09  Queen  
  18  2:19  Spore Crawler  
  18  2:20  Zergling x2  
  18  2:36  Zergling x2  
  19  2:50  Drone x2  
  19  2:51  Drone x2  
  23  2:55  Extractor  
  23  2:56  Drone  
  23  3:07  Drone  
  24  3:14  Metabolic Boost  
  24  3:20  Drone  
  25  3:35  Drone x3  
  27  3:50  Overlord x2  
  27  4:03  Overlord  
  26  4:25  Drone x4  
  26  4:26  Drone x2  
  32  4:54  Drone x3  
  32  4:57  Lair  
  35  5:07  Drone x4  
  35  5:09  Queen  
  41  5:15  Extractor  
  41  5:17  Spore Crawler  
  39  5:28  Drone  
  34  5:45  Queen  
  34  5:57  Spore Crawler  
  33  6:05  Queen  
  33  6:06  Drone x4, Spore Crawler  
  38  6:16  Infestation Pit  
  37  6:20  Queen  
  38  6:29  Zergling x10  
  40  6:36  Spore Crawler  
  40  6:39  Spine Crawler  
  38  6:40  Spine Crawler  
  38  6:41  Spine Crawler  
  38  6:42  Zergling x4  
  36  7:00  Zergling x6  
  36  7:01  Zergling x4  
  35  7:10  Zergling x4  
  33  7:40  Zergling x12  
  39  7:58  Drone x2  
  39  7:59  Drone  
  42  8:07  Hive  
  40  8:14  Spore Crawler  
  39  8:20  Overlord x2  
  39  8:21  Overlord  
  39  8:24  Hatchery  
  38  8:28  Evolution Chamber  
  37  8:41  Drone  
  37  8:42  Drone  
  39  9:05  Zergling x2  
  39  9:06  Zergling x12  
  44  9:35  Ultralisk Cavern, Zerg Ground Armor Level 1  
  43  9:43  Drone x2  
  43  9:44  Drone x7  
  52  10:09  Drone x6  
  58  10:17  Spore Crawler  
  58  10:19  Spore Crawler  
  58  10:21  Drone x2  
  58  10:22  Chitinous Plating  
  58  10:26  Ultralisk x2  
  70  10:48  Ultralisk  
  82  10:50  Ultralisk  
  82  10:52  Overlord  
  82  11:01  Overlord  
  82  11:10  Spore Crawler  
  75  11:22  Drone x5  
  75  11:23  Overlord, Drone x3  
  75  11:24  Overlord x2  
  83  11:29  Zerg Melee Weapons Level 1  
  83  11:36  Drone  
  83  11:37  Drone x5  
  71  11:49  Drone, Spore Crawler  
  71  11:50  Drone x2  
  71  11:51  Spore Crawler  
  72  12:07  Overseer x3  
  72  12:22  Drone  
  73  12:23  Drone x2  
  73  12:24  Extractor  
  73  12:29  Spine Crawler  
  73  12:32  Spine Crawler  
  73  12:33  Ultralisk x2  
  84  12:37  Drone  
  84  12:38  Drone x2  
  86  13:01  Drone x2  
  88  13:13  Ultralisk x2  
  100  13:34  Drone x3  
  100  13:36  Drone x6  
  109  13:43  Spine Crawler x2  
  109  13:45  Spore Crawler  
  109  13:46  Spore Crawler  
  105  13:50  Zerg Ground Armor Level 2  
  105  14:00  Extractor  
  105  14:01  Ultralisk  
  105  14:02  Ultralisk  
  116  14:14  Extractor  
  115  14:21  Spine Crawler  
  115  14:24  Ultralisk  
  120  14:26  Overlord x3  
  120  14:39  Evolution Chamber  
  119  15:04  Drone x3  
  119  15:05  Drone x2  
  119  15:06  Lair  
  124  15:09  Ultralisk x2  
  136  15:16  Zerg Melee Weapons Level 2  
  136  15:43  Ultralisk  
  140  15:58  Hydralisk Den  
  140  16:04  Burrow  
  133  16:09  Drone x2  
  133  16:10  Drone x7  
  139  16:18  Spine Crawler  
  138  16:32  Ultralisk  
  144  16:34  Overlord x2  
  144  16:35  Overlord  
  144  16:39  Hatchery  
  143  17:10  Ultralisk x2  
  143  17:14  Ultralisk  
  161  17:31  Overlord x2  
  161  17:32  Overlord  
  161  17:50  Ultralisk  
  167  18:03  Drone x5  
  167  18:04  Drone x4  
  176  18:11  Spore Crawler  
  175  18:21  Spore Crawler  
  175  18:23  Drone x4  
  175  18:24  Spore Crawler  
  177  18:34  Extractor x2  
  176  18:36  Spore Crawler  
  176  18:39  Spore Crawler  
  173  18:48  Zerg Melee Weapons Level 3  
  173  19:24  Ultralisk x2  
  185  19:47  Ultralisk x2  
  185  20:17  Ultralisk x2  
  155  20:50  Ultralisk  
  155  20:51  Ultralisk  
  155  21:29  Ultralisk x2  
Show
View Real Time Build Order
Export as new Build Order

imperfecTO Terran - Winner!

Build Orders:  

Get SALT Encoding   

  12  0:01  SCV  
  13  0:13  SCV  
  14  0:21  Supply Depot  
  14  0:25  SCV  
  15  0:34  Supply Depot  
  15  0:47  Barracks  
  15  0:49  SCV  
  16  1:02  Barracks  
  16  1:17  Barracks, SCV  
  17  1:29  SCV  
  18  1:36  Marine  
  19  2:00  Command Center  
  19  2:04  Marine  
  19  2:06  Marine  
  21  2:08  Marine  
  21  2:11  Refinery  
  22  2:20  Refinery, SCV  
  23  2:33  Orbital Command  
  23  2:43  Marine  
  23  2:44  Marine  
  24  2:45  Marine  
  26  3:02  Factory  
  26  3:05  SCV  
  27  3:15  Refinery  
  27  3:19  Refinery, Orbital Command  
  27  3:24  SCV  
  28  3:36  SCV  
  29  3:50  Factory Tech Lab  
  29  3:56  Starport  
  29  4:00  Starport  
  29  4:01  SCV  
  30  4:13  SCV  
  30  4:15  SCV  
  32  4:24  Starport  
  32  4:25  SCV  
  32  4:28  SCV  
  34  4:35  Starport  
  34  4:37  SCV  
  35  4:39  Starport  
  35  4:42  SCV  
  36  4:49  SCV  
  37  4:53  Starport Tech Lab  
  37  4:55  SCV  
  37  4:57  Starport Tech Lab  
  38  5:02  Starport Tech Lab  
  38  5:03  Starport  
  38  5:06  SCV  
  39  5:14  Hyperflight Rotors  
  39  5:15  Starport Tech Lab  
  39  5:17  Starport Tech Lab  
  39  5:25  SCV  
  39  5:27  SCV  
  41  5:45  SCV  
  46  6:02  SCV  
  46  6:03  Banshee  
  46  6:07  Starport Tech Lab  
  46  6:12  Supply Depot  
  46  6:14  Supply Depot  
  46  6:18  Supply Depot  
  46  6:28  SCV  
  46  6:30  Banshee  
  46  6:31  Banshee  
  46  6:32  Banshee x2  
  39  6:40  SCV  
  39  6:41  Orbital Command  
  40  6:52  SCV  
  41  7:09  Starport Tech Lab  
  35  7:47  Starport Tech Lab  
  35  7:49  Cloaking Field  
  35  7:55  SCV  
  36  8:07  SCV  
  36  8:11  Refinery  
  37  8:19  SCV  
  38  8:22  Supply Depot  
  38  8:24  Supply Depot  
  38  8:43  Refinery, Banshee x2, Marine x2  
  38  8:44  Supply Depot  
  38  8:45  Banshee x2, SCV, Marine  
  54  9:00  Refinery  
  54  9:05  SCV, Marine  
  54  9:08  Command Center, Marine  
  54  9:19  Marine  
  54  9:20  Banshee x2, SCV  
  59  9:30  Banshee  
  62  9:41  Armory  
  62  9:57  Supply Depot  
  62  10:02  Supply Depot  
  62  10:09  Banshee x2, SCV x2  
  70  10:18  Banshee x2  
  70  10:20  SCV  
  77  10:21  SCV x2  
  79  10:31  Supply Depot  
  79  10:33  Terran Ship Weapons Level 1, SCV  
  80  10:35  SCV  
  80  10:39  SCV  
  82  10:45  Banshee  
  82  10:49  SCV  
  86  10:58  Banshee  
  86  11:01  SCV  
  77  11:53  Banshee x6  
  95  11:56  Orbital Command  
  95  11:59  SCV  
  96  12:07  SCV, Supply Depot  
  98  12:15  SCV  
  98  12:19  SCV  
  99  12:28  SCV  
  100  12:34  SCV  
  100  12:36  Banshee x4  
  113  12:40  Banshee  
  74  14:37  Banshee  
  74  14:38  Banshee x5  
  80  14:47  SCV  
  81  14:58  SCV  
  81  14:59  SCV  
  83  15:00  Terran Ship Weapons Level 2  
  83  15:10  SCV  
  83  15:11  SCV  
  85  15:20  Banshee x2  
  85  15:21  Banshee x4  
  94  15:22  SCV  
  94  15:23  SCV  
  94  15:28  Supply Depot  
  105  15:34  SCV  
  106  15:36  SCV, Supply Depot  
  106  15:41  Marine  
  106  15:42  Marine x2  
  110  15:46  SCV  
  110  15:48  SCV  
  112  15:52  Supply Depot  
  112  15:58  Supply Depot  
  112  15:59  Marine  
  112  16:00  Marine x2  
  112  16:03  Banshee x3  
  112  16:04  Banshee x3  
  133  16:15  Supply Depot  
  133  16:17  Marine x2  
  133  16:18  Marine  
  136  16:21  Supply Depot  
  136  16:35  Marine x3  
  139  16:46  Banshee x4  
  139  16:47  Banshee x2  
  151  16:53  Marine x3  
  109  17:28  Terran Ship Weapons Level 3  
  109  17:29  Banshee x5  
  121  17:30  Banshee  
  127  18:12  Banshee x6  
  109  18:54  Banshee x2  
  109  18:55  Banshee x4  
  121  19:02  Marine x3  
  130  19:20  Marine x3  
  130  19:38  Marine x3  
  103  19:56  Marine x3  
  103  20:01  Banshee x4  
  103  20:02  Banshee x2  
  121  20:13  Marine  
  121  20:14  Marine x2  
  124  20:31  Marine x3  
  127  20:44  Banshee x5  
  127  20:45  Banshee  
  127  20:49  Marine x3  
  127  21:07  Marine x3  
  124  21:25  Marine x3  
  127  21:26  Banshee  
  127  21:27  Banshee x5  
  145  21:42  Marine  
  145  21:43  Marine x2  
  148  22:00  Marine x2  
  148  22:01  Marine  
Show
View Real Time Build Order
Export as new Build Order

CoelhoSansao Terran - Winner!

Build Orders:  

Get SALT Encoding   

  12  0:03  SCV  
  13  0:15  SCV  
  14  0:27  SCV  
  15  0:29  Supply Depot  
  15  0:31  Refinery  
  15  0:50  SCV  
  15  0:53  Barracks  
  16  1:02  SCV  
  17  1:15  SCV  
  18  1:31  SCV  
  19  1:46  Orbital Command  
  19  1:47  Factory  
  19  1:48  Marine  
  20  2:11  Marine  
  21  2:27  SCV, Command Center  
  22  2:31  Refinery  
  22  2:33  Factory Tech Lab, Marine  
  23  2:37  Supply Depot  
  23  2:45  Engineering Bay  
  23  2:59  Siege Tank  
  23  3:03  Barracks Tech Lab  
  27  3:05  SCV  
  27  3:07  Supply Depot  
  27  3:18  Missile Turret  
  27  3:20  SCV  
  28  3:32  SCV  
  29  3:36  Siege Tank  
  29  3:40  Refinery  
  32  3:55  Command Center  
  32  4:03  Supply Depot  
  32  4:04  SCV  
  33  4:12  Orbital Command  
  33  4:29  Refinery  
  33  4:49  SCV  
  34  5:01  SCV  
  34  5:04  SCV  
  36  5:09  Refinery  
  36  5:13  Armory, SCV  
  37  5:16  SCV  
  37  5:20  Starport  
  38  5:22  Widow Mine  
  38  5:27  SCV  
  42  5:31  Orbital Command  
  41  5:44  Missile Turret  
  41  5:51  Missile Turret, Widow Mine  
  43  6:10  SCV x3  
  46  6:22  SCV x3  
  46  6:23  Starport Tech Lab  
  49  6:28  Fusion Core  
  49  6:29  Starport  
  49  6:30  Terran Ship Weapons Level 1  
  49  6:34  SCV x3  
  52  6:40  Refinery  
  52  6:46  SCV x3  
  55  6:58  SCV x2  
  57  7:07  Starport  
  57  7:12  Starport Tech Lab  
  57  7:17  Missile Turret  
  57  7:20  SCV  
  57  7:21  SCV x2  
  60  7:33  SCV x3  
  63  7:38  Battlecruiser x2  
  63  7:43  Starport Tech Lab  
  75  7:49  Hi-Sec Auto Tracking, Starport  
  75  8:00  SCV x2  
  75  8:05  Missile Turret  
  77  8:13  Supply Depot  
  77  8:14  Supply Depot x2  
  77  8:26  Starport  
  77  8:34  SCV x3  
  77  8:37  Supply Depot  
  77  8:38  Supply Depot  
  77  8:40  Supply Depot  
  80  8:44  Missile Turret  
  80  8:57  Weapon Refit  
  80  9:00  Supply Depot  
  80  9:08  Starport Tech Lab  
  80  9:09  Battlecruiser x2  
  92  9:10  Battlecruiser  
  92  9:11  Starport Tech Lab  
  98  9:33  Battlecruiser  
  98  9:34  Battlecruiser  
  110  9:39  Terran Ship Weapons Level 2  
  110  10:13  Supply Depot  
  110  10:16  Battlecruiser  
  110  10:17  Battlecruiser  
  110  10:18  Armory, Battlecruiser  
  128  10:35  Supply Depot  
  128  10:57  Supply Depot  
  128  11:20  Supply Depot  
  122  11:35  Battlecruiser  
  122  11:36  Battlecruiser x3  
  122  11:37  Battlecruiser  
  152  11:40  Terran Vehicle And Ship Armor Level 1  
  152  11:44  Supply Depot  
  152  11:48  Supply Depot  
  152  12:40  Battlecruiser x3  
  116  14:32  Battlecruiser x3  
  116  14:33  Battlecruiser x2  
  134  15:54  Battlecruiser x2  
  134  15:55  Battlecruiser  
  149  17:13  Battlecruiser x2  
  161  18:07  Terran Ship Weapons Level 3, Terran Vehicle And Ship Armor Level 2  
Show
View Real Time Build Order
Export as new Build Order

SeCtoR Protoss 

Build Orders: 1 Gate Expand 

Get SALT Encoding   

  12  0:02  Probe (Chrono Boost)  
  13  0:12  Probe (Chrono Boost)  
  14  0:18  Pylon  
  14  0:23  Probe (Chrono Boost)  
  15  0:37  Gateway  
  15  0:38  Probe (Chrono Boost)  
  16  0:49  Probe (Chrono Boost)  
  17  1:00  Probe (Chrono Boost)  
  18  1:10  Probe (Chrono Boost)  
  19  1:18  Nexus  
  19  1:21  Probe (Chrono Boost)  
  20  1:31  Cybernetics Core  
  20  1:35  Probe (Chrono Boost)  
  21  1:41  Assimilator  
  21  1:48  Probe (Chrono Boost)  
  21  1:53  Pylon  
  22  2:04  Probe (Chrono Boost)  
  23  2:14  Assimilator  
  23  2:23  Warp Gate (Chrono Boost)  
  23  2:28  Pylon  
  22  2:57  Mothership Core (Chrono Boost)  
  24  3:02  Stalker  
  24  3:03  Gateway  
  26  3:09  Pylon  
  26  3:14  Gateway  
  26  3:17  Gateway  
  26  3:22  Pylon  
  26  3:24  Probe (Chrono Boost)  
  27  3:34  Probe x2 (Chrono Boost)  
  29  3:45  Probe x2 (Chrono Boost)  
  31  3:50  Zealot  
  31  3:53  Zealot  
  35  4:08  Probe  
  36  4:11  Twilight Council  
  36  4:25  Probe  
  36  4:30  Assimilator  
  37  4:31  Zealot  
  37  4:32  Zealot x2  
  37  4:34  Probe  
  37  4:35  Probe  
  45  4:46  Probe x2  
  45  4:49  Charge (Chrono Boost)  
  47  4:57  Probe  
  47  4:58  Probe  
  49  5:01  Assimilator  
  49  5:07  Probe  
  49  5:10  Probe  
  49  5:11  Zealot x3  
  57  5:18  Probe  
  57  5:20  Pylon  
  58  5:26  Gateway  
  58  5:28  Probe  
  59  5:50  Robotics Facility  
  59  5:51  Stalker x4  
  67  6:00  Probe  
  67  6:03  Gateway  
  68  6:10  Probe  
  69  6:41  Stalker x4  
  73  7:05  Stalker x4  
  73  7:13  Pylon  
  73  7:14  Probe, Pylon  
  68  7:16  Pylon  
  62  7:24  Probe  
  59  7:36  Nexus  
  55  7:43  Stalker  
  55  7:44  Stalker x4  
  57  7:49  Pylon  
  63  7:55  Pylon  
  63  7:58  Blink (Chrono Boost)  
  63  8:00  Pylon  
  63  8:11  Probe  
  64  8:22  Observer  
  65  8:34  Stalker x2  
  65  8:35  Stalker x4  
  77  8:49  Probe  
  78  9:00  Probe  
  78  9:02  Forge  
  79  9:03  Forge  
  79  9:07  Stalker  
  79  9:08  Stalker  
  79  9:09  Stalker x4  
  91  9:11  Probe  
  91  9:16  Assimilator  
  92  9:22  Probe  
  93  9:24  Gateway x2  
  91  9:55  Protoss Ground Weapons Level 1 (Chrono Boost)  
  91  9:57  Protoss Ground Armor Level 1 (Chrono Boost)  
  91  9:58  Stalker x3  
  91  9:59  Stalker x2  
  101  10:00  Stalker  
  103  10:08  Probe  
  104  10:19  Probe  
  105  10:22  Stalker x2  
  105  10:23  Stalker  
  105  10:24  Stalker x2  
  105  10:25  Stalker  
  117  10:29  Probe  
  118  10:36  Gateway  
  118  10:38  Gateway  
  118  10:41  Probe  
  118  10:42  Probe  
  119  10:45  Dark Shrine  
  119  10:48  Assimilator  
  120  10:53  Probe  
  111  11:34  Stalker x2  
  111  11:35  Stalker x4  
  123  11:42  Protoss Ground Weapons Level 2 (Chrono Boost)  
  123  11:43  Protoss Ground Armor Level 2 (Chrono Boost)  
  122  12:07  Stalker x2  
  126  12:13  Pylon  
  126  12:15  Pylon  
  126  12:16  Pylon  
  126  12:35  Dark Templar x4  
  126  12:36  Dark Templar x3  
  140  12:37  Pylon  
  140  12:39  Nexus  
  140  12:46  Robotics Bay  
  140  12:49  Probe  
  83  13:22  Stalker x5  
  83  13:23  Stalker x3  
  79  13:42  Stalker  
  79  13:43  Stalker  
  65  14:01  Protoss Ground Weapons Level 3 (Chrono Boost)  
  65  14:03  Protoss Ground Armor Level 3 (Chrono Boost)  
  55  14:24  Stalker x2  
  53  14:25  Dark Templar  
  57  14:31  Dark Templar  
  55  15:11  Nexus  
  47  16:07  Nexus  
  47  16:13  Pylon  
  47  17:53  Nexus  
  47  19:35  Immortal (Chrono Boost)  
  51  19:43  Zealot x3  
  51  19:44  Zealot  
  59  19:49  Robotics Facility  
  53  20:12  Immortal (Chrono Boost)  
Show
View Real Time Build Order
Export as new Build Order

Nomad Terran 

Build Orders: MMM Bio 

Get SALT Encoding   

  12  0:02  SCV  
  13  0:14  SCV  
  14  0:26  SCV  
  15  0:29  Supply Depot  
  15  0:35  Refinery  
  15  0:51  SCV  
  15  0:56  Barracks  
  16  1:22  SCV  
  17  1:30  Command Center  
  17  1:34  SCV  
  18  1:42  Engineering Bay  
  18  1:46  SCV  
  19  1:56  Supply Depot  
  19  1:57  Barracks Tech Lab  
  19  1:59  SCV  
  20  2:11  Refinery, SCV  
  21  2:16  Marine  
  22  2:40  Sensor Tower  
  22  2:43  SCV  
  23  2:55  SCV  
  23  2:56  Bunker, Marauder  
  26  2:59  Missile Turret  
  26  3:06  Barracks  
  26  3:14  SCV  
  26  3:15  SCV  
  28  3:24  Terran Infantry Weapons Level 1  
  28  3:27  SCV  
  29  3:36  Combat Shields  
  29  3:38  Marine  
  30  3:54  Marine  
  31  3:56  Marine  
  31  3:57  Supply Depot  
  31  4:01  Barracks  
  32  4:15  Missile Turret  
  32  4:30  Orbital Command  
  32  4:34  Barracks Reactor  
  32  4:38  Missile Turret  
  32  4:49  Factory  
  32  4:52  Barracks Reactor  
  32  4:54  Marauder  
  32  4:58  Missile Turret, Stimpack  
  34  5:10  Engineering Bay  
  34  5:14  Orbital Command  
  34  5:20  Missile Turret  
  34  5:53  SCV  
  34  5:57  Command Center  
  35  6:01  Factory Tech Lab  
  35  6:03  Terran Infantry Armor Level 1  
  35  6:05  SCV  
  35  6:07  Armory  
  36  6:12  Starport  
  36  6:17  SCV  
  37  6:29  Command Center, SCV  
  37  6:32  Siege Tank  
  41  6:41  SCV, Marine x4  
  41  6:42  Marine  
  47  6:59  Marine  
  48  7:05  Terran Vehicle And Ship Armor Level 1, Terran Infantry Weapons Level 2  
  48  7:10  Starport Reactor  
  48  7:15  Orbital Command  
  48  7:17  Marine x3  
  48  7:18  Marauder, Marine  
  54  7:35  Marine x2  
  48  7:39  Marauder  
  48  7:40  Marine x2  
  47  7:48  Missile Turret  
  47  7:52  Marine  
  47  7:53  Marine  
  47  7:58  Marine x2  
  49  8:00  Marine  
  49  8:01  Missile Turret  
  52  8:07  Missile Turret  
  52  8:10  Marine  
  52  8:11  Marine  
  54  8:16  Missile Turret, Marine  
  54  8:17  SCV  
  56  8:22  Missile Turret, Terran Infantry Armor Level 2  
  56  8:30  Missile Turret, SCV  
  57  8:35  Widow Mine  
  57  8:36  Missile Turret  
  59  8:43  Medivac x2  
  59  8:48  Orbital Command  
  63  8:53  Missile Turret  
  63  9:04  Widow Mine, Marine  
  63  9:05  Marauder, Marine x2  
  70  9:12  Missile Turret  
  70  9:31  Missile Turret  
  69  9:32  Widow Mine  
  71  9:50  Marine x3  
  71  9:51  Marauder, Marine  
  77  9:52  Missile Turret  
  77  9:59  Medivac  
  79  10:01  Siege Tank  
  82  10:08  Marine x2  
  84  10:14  Missile Turret  
  84  10:38  Missile Turret  
  84  10:42  Command Center  
  84  10:47  Supply Depot  
  84  10:49  Supply Depot  
  84  10:50  Supply Depot  
  84  10:53  Supply Depot  
  84  10:55  Widow Mine, Marine x4  
  84  10:56  Marauder  
  92  10:58  Missile Turret  
  90  11:11  Supply Depot  
  90  11:13  Supply Depot, Marine x4  
  90  11:17  Marauder, Supply Depot  
  85  11:24  Widow Mine  
  86  11:31  Marine x4  
  87  11:39  Marauder  
  75  11:49  Marine  
  76  11:56  Marine x2  
  76  11:57  Marine  
  76  12:00  Marauder  
  81  12:07  Marine  
  82  12:14  Marine x3  
  85  12:22  Marauder  
  87  12:23  Orbital Command  
  87  12:24  Marine  
  88  12:32  Marine x3  
  88  12:33  Refinery  
  91  12:42  Marine  
  91  12:43  Marauder  
  94  12:50  Marine x3  
  96  13:00  Marine  
  96  13:04  Marauder  
  96  13:05  Terran Infantry Weapons Level 3  
  99  13:06  Terran Infantry Armor Level 3, Terran Vehicle And Ship Armor Level 2  
  99  13:07  Marine  
  99  13:08  Marine x2  
  102  13:18  Missile Turret, Marine  
  103  13:20  Missile Turret  
  103  13:21  Missile Turret  
  103  13:25  Marine x3  
  103  13:26  Marine  
  88  13:36  Marine  
  87  13:43  Marine  
  87  13:46  Missile Turret  
  87  13:48  Marine x2  
  87  13:54  Marine  
  89  14:01  Marine  
  86  14:06  Marine x2  
  79  14:11  Marine  
  59  14:19  Marine  
  59  14:24  Marine x2  
  60  14:29  Marine  
  63  14:33  Command Center  
  63  14:36  Marine  
  62  14:41  Marine  
  62  14:42  Marine  
  64  14:47  Marine  
  64  14:48  Barracks  
  65  14:54  Marine  
  65  14:59  Marine x2  
  67  15:04  Sensor Tower  
  67  15:05  Marine  
  69  15:12  Marine  
  70  15:17  Marine x2  
  72  15:23  Marine  
  73  15:30  Marine  
  73  15:34  Orbital Command  
  73  15:35  Marine x2  
  74  15:40  Marine  
  76  15:48  Marine  
  77  15:53  Marine x2  
  76  15:58  Marine  
  75  16:05  Marine  
  75  16:08  Missile Turret  
  75  16:10  Marine  
  75  16:11  Marine  
  73  16:16  SCV, Marine  
  75  16:23  Marine  
  76  16:27  Missile Turret  
  76  16:28  Marine  
  76  16:29  Marine  
  76  16:30  Barracks Reactor  
  78  16:33  Missile Turret  
  41  17:20  Marine x4  
  45  17:33  Orbital Command  
  45  17:38  Marine x4  
  45  17:42  Missile Turret  
  45  17:43  Missile Turret  
  49  17:55  Marine  
  49  17:56  Marine x3  
  53  18:01  Missile Turret  
  53  18:04  Missile Turret  
  53  18:13  Marine x2  
  55  18:23  Missile Turret  
  53  18:46  Refinery  
  53  18:49  Missile Turret  
  53  19:00  Medivac x2  
  57  19:03  Marine x5  
  57  19:04  Marine  
  57  19:08  Missile Turret  
  63  19:20  Marine  
  63  19:21  Marine x5  
  69  19:27  Missile Turret  
  69  19:30  Medivac x2  
  73  19:38  Marine  
  73  19:39  Marine x5  
  77  19:46  Missile Turret  
  69  19:53  Missile Turret  
  69  19:56  Marine x2  
  69  19:57  Marine x4  
  69  19:59  Medivac  
  65  20:00  Medivac  
  63  20:14  Marine x4  
  63  20:15  Marine x2  
  63  20:32  Marine x4  
  63  20:33  Marine x2  
  69  20:41  Barracks  
  66  20:49  Marine  
  61  20:50  Marine x4  
  61  20:51  Marine  
  38  21:07  Marine  
  38  21:08  Widow Mine, Marine x5  
  31  21:25  Marine x2  
  30  21:26  Marine x2  
  29  21:37  Widow Mine, Marine x3  
  26  21:43  Marine x2  
  24  21:48  Marine x2  
  16  21:55  Marine x3  
Show
View Real Time Build Order
Export as new Build Order

Azreal Protoss 

Build Orders: Oracle Opening 

Get SALT Encoding   

  12  0:02  Probe (Chrono Boost)  
  13  0:18  Pylon  
  13  0:25  Probe (Chrono Boost)  
  14  0:37  Gateway  
  14  0:42  Pylon  
  14  0:48  Assimilator  
  14  0:54  Assimilator  
  14  1:01  Probe (Chrono Boost)  
  15  1:12  Probe (Chrono Boost)  
  16  1:22  Probe (Chrono Boost)  
  17  1:27  Cybernetics Core  
  17  1:33  Probe (Chrono Boost)  
  17  1:37  Pylon  
  18  1:44  Probe (Chrono Boost)  
  19  1:58  Pylon  
  19  2:11  Stargate  
  19  2:14  Mothership Core (Chrono Boost)  
  21  2:23  Protoss Air Weapons Level 1 (Chrono Boost)  
  21  2:42  Probe  
  22  2:55  Probe  
  22  2:56  Oracle (Chrono Boost)  
  26  3:28  Oracle (Chrono Boost)  
  29  3:38  Probe  
  30  3:41  Nexus  
  30  3:55  Probe  
  31  3:59  Forge, Oracle (Chrono Boost)  
  34  4:11  Probe  
  34  4:14  Protoss Air Armor Level 1 (Chrono Boost)  
  35  4:26  Assimilator  
  35  4:28  Assimilator  
  35  4:36  Photon Cannon  
  35  4:42  Oracle (Chrono Boost)  
  38  4:57  Photon Cannon  
  29  6:05  Fleet Beacon  
  29  6:06  Probe  
  29  6:10  Probe  
  31  6:16  Probe  
  32  6:22  Probe  
  33  6:27  Probe  
  33  6:29  Protoss Shields Level 1  
  34  6:33  Pylon  
  34  6:34  Probe  
  34  6:37  Probe  
  34  6:38  Twilight Council  
  36  6:46  Probe  
  37  6:48  Probe  
  38  6:58  Probe x2  
  40  7:06  Tempest  
  46  7:09  Probe  
  46  7:10  Protoss Air Weapons Level 2 (Chrono Boost)  
  47  7:19  Probe  
  48  7:26  Photon Cannon  
  48  7:30  Probe  
  49  7:40  Probe  
  49  7:42  Nexus  
  50  7:49  Tempest  
  56  8:00  Photon Cannon  
  56  8:03  Pylon  
  56  8:11  Robotics Facility  
  56  8:13  Probe  
  57  8:21  Pylon  
  57  8:24  Probe  
  57  8:25  Pylon  
  58  8:29  Pylon  
  58  8:34  Probe  
  58  8:35  Pylon  
  58  8:39  Phoenix  
  61  8:45  Probe  
  62  8:52  Assimilator  
  62  8:55  Probe, Assimilator  
  62  8:57  Pylon  
  62  9:00  Probe  
  62  9:02  Pylon  
  64  9:04  Phoenix  
  66  9:11  Probe  
  66  9:14  Observer  
  68  9:21  Protoss Air Armor Level 2 (Chrono Boost)  
  68  9:22  Probe  
  69  9:26  Pylon  
  69  9:32  Probe  
  69  9:33  Phoenix  
  69  9:35  Observer  
  73  9:43  Probe  
  74  9:46  Pylon  
  74  9:49  Photon Cannon  
  74  9:53  Probe  
  74  9:54  Photon Cannon  
  74  9:56  Observer  
  76  10:01  Phoenix  
  76  10:04  Probe  
  79  10:11  Stargate  
  79  10:14  Probe  
  79  10:16  Pylon  
  80  10:22  Pylon  
  80  10:25  Probe, Photon Cannon  
  81  10:34  Phoenix  
  83  10:35  Probe  
  83  10:36  Protoss Shields Level 2 (Chrono Boost)  
  84  10:46  Probe  
  85  10:56  Probe  
  85  10:58  Phoenix  
  85  11:02  Phoenix  
  90  11:13  Protoss Air Weapons Level 3 (Chrono Boost)  
  90  11:23  Phoenix  
  92  11:27  Phoenix  
  94  11:38  Graviton Catapult  
  94  11:48  Phoenix  
  94  11:50  Pylon  
  94  11:52  Phoenix  
  98  11:55  Pylon  
  98  12:13  Phoenix  
  100  12:17  Phoenix  
  100  12:20  Probe, Pylon  
  103  12:31  Probe  
  103  12:33  Stargate  
  104  12:39  Pylon  
  104  12:41  Probe  
  105  12:46  Phoenix x2  
  109  12:52  Probe  
  104  13:02  Probe  
  95  13:13  Protoss Air Armor Level 3  
  95  13:23  Phoenix x3  
  101  13:48  Phoenix x3  
  107  13:57  Observer  
  108  14:12  Protoss Shields Level 3 (Chrono Boost)  
  108  14:52  Phoenix x3  
  114  14:54  Observer  
  115  15:16  Observer  
  115  15:17  Phoenix x3  
  122  15:42  Phoenix  
  112  15:55  Phoenix x2  
  116  16:06  Phoenix  
  118  16:20  Phoenix x2  
  118  16:24  Photon Cannon  
  122  16:31  Phoenix  
  124  16:45  Phoenix x2  
  128  16:56  Phoenix  
  130  17:10  Phoenix x2  
  134  17:21  Phoenix  
  136  17:35  Phoenix x2 (Chrono Boost)  
  140  17:46  Phoenix (Chrono Boost)  
  142  18:04  Phoenix x2 (Chrono Boost)  
  146  18:10  Phoenix (Chrono Boost)  
  152  18:28  Phoenix (Chrono Boost)  
  152  18:29  Phoenix (Chrono Boost)  
  152  18:47  Phoenix (Chrono Boost)  
  154  18:53  Phoenix (Chrono Boost)  
  154  18:54  Phoenix (Chrono Boost)  
  158  19:15  Phoenix (Chrono Boost)  
  162  19:19  Phoenix x2 (Chrono Boost)  
  172  20:21  Phoenix (Chrono Boost)  
  70  20:24  Phoenix (Chrono Boost)  
  70  20:25  Phoenix (Chrono Boost)  
  41  20:43  Phoenix (Chrono Boost)  
  41  20:49  Phoenix x2 (Chrono Boost)  
  45  21:04  Phoenix (Chrono Boost)  
  49  21:14  Phoenix (Chrono Boost)  
  39  21:28  Phoenix (Chrono Boost)  
  39  21:31  Phoenix (Chrono Boost)  
  41  21:39  Phoenix (Chrono Boost)  
  38  21:49  Phoenix (Chrono Boost)  
  42  21:56  Phoenix (Chrono Boost)  
Show
View Real Time Build Order
Export as new Build Order

ProfessorG Zerg 

Build Orders: Pool First, Lurkers 

Get SALT Encoding   

  12  0:06  Drone  
  13  0:15  Drone  
  13  0:17  Overlord  
  14  0:35  Spawning Pool  
  14  0:38  Drone  
  14  0:43  Drone  
  14  0:48  Drone  
  16  0:55  Drone  
  17  1:08  Drone  
  18  1:26  Queen  
  18  1:30  Hatchery  
  19  1:33  Overlord  
  19  1:41  Drone x2  
  22  1:47  Drone  
  22  1:59  Drone, Spine Crawler  
  22  2:05  Spine Crawler  
  22  2:08  Drone  
  22  2:15  Extractor  
  21  2:19  Overlord  
  21  2:37  Zergling x2  
  21  2:38  Zergling x6  
  25  2:48  Queen  
  25  2:49  Drone  
  28  2:55  Zergling x4  
  30  3:02  Drone  
  30  3:04  Drone  
  32  3:11  Zergling x4  
  34  3:13  Drone x2  
  36  3:24  Overlord  
  36  3:26  Metabolic Boost  
  36  3:29  Drone x2  
  38  3:37  Extractor  
  38  3:40  Drone x3  
  38  3:41  Drone  
  40  3:57  Lair  
  40  4:06  Drone x2  
  40  4:07  Drone x4  
  46  5:10  Hydralisk Den  
  46  5:11  Evolution Chamber  
  44  5:16  Spore Crawler  
  44  5:17  Hatchery  
  44  5:18  Spore Crawler  
  44  5:20  Zergling x8  
  44  5:21  Spore Crawler, Zergling x8  
  47  5:24  Drone x2  
  47  5:25  Drone  
  47  5:26  Overlord x2  
  47  5:27  Overlord  
  51  5:53  Muscular Augments  
  51  5:54  Zerg Melee Weapons Level 1  
  51  5:55  Drone x2  
  51  5:56  Drone  
  51  5:57  Overlord x2  
  54  5:59  Drone x2  
  54  6:00  Drone x4  
  60  6:05  Extractor x2  
  60  6:07  Drone x2  
  60  6:16  Spine Crawler  
  47  7:14  Hydralisk x4  
  47  7:15  Hydralisk  
  56  7:18  Drone  
  56  7:19  Drone x2  
  57  7:24  Drone x3  
  57  7:29  Drone  
  61  7:30  Drone x2, Queen  
  61  7:35  Lurker Den  
  65  7:37  Overlord  
  65  7:38  Hydralisk  
  67  7:56  Drone x2  
  69  8:02  Zerg Missile Weapons Level 1  
  69  8:07  Hydralisk x5  
  79  8:14  Spore Crawler  
  79  8:18  Spore Crawler  
  79  8:19  Drone, Spore Crawler x2  
  76  8:22  Drone x2  
  78  8:31  Hydralisk x5  
  78  8:32  Hydralisk  
  90  8:36  Hydralisk x4  
  90  8:40  Drone x2  
  90  9:27  Hydralisk  
  90  9:28  Hydralisk x5  
  102  9:32  Hydralisk x2  
  102  9:35  Overlord x3  
  102  9:36  Overlord  
  74  10:01  Drone x3  
  74  10:02  Drone  
  74  10:04  Hydralisk  
  74  10:05  Hydralisk x4  
  88  10:09  Zerg Ground Armor Level 1  
  88  10:11  Hydralisk x3  
  88  10:12  Hydralisk x2  
  98  10:20  Lurker x3  
  101  10:29  Extractor  
  101  10:30  Extractor  
  99  10:43  Lurker x2  
  102  10:50  Zergling x12  
  107  11:00  Drone x3  
  107  11:01  Zergling x2  
  107  11:02  Zergling x6  
  106  11:36  Zergling x2  
  106  11:37  Zergling x8  
  111  11:49  Hydralisk  
  111  11:50  Hydralisk x4  
  122  11:54  Drone x2  
  122  11:55  Drone  
  122  11:56  Drone x2  
  111  12:10  Hydralisk x2  
  111  12:11  Hydralisk x4  
  111  12:13  Zerg Ground Armor Level 2  
  119  12:27  Hydralisk x5  
  123  12:30  Hydralisk x3  
  123  12:31  Hydralisk x3  
  135  12:38  Spore Crawler  
  135  12:40  Spore Crawler  
  135  12:42  Spore Crawler  
  132  12:47  Hydralisk x3  
  132  12:50  Overlord x2  
  138  12:53  Overlord  
  118  13:26  Hydralisk x4  
  118  13:27  Hydralisk x2  
  117  13:31  Hydralisk x4  
  127  13:35  Hydralisk x3  
  127  13:36  Hydralisk x3  
  139  14:08  Hydralisk x3  
  139  14:09  Hydralisk x2  
  149  14:16  Hydralisk x2  
  149  14:17  Hydralisk x4  
  149  14:21  Hydralisk x5  
  131  14:45  Hydralisk  
  131  14:46  Hydralisk x4  
  131  14:50  Hydralisk x5  
  131  14:51  Hydralisk  
  153  14:54  Hydralisk x3  
  153  14:55  Hydralisk  
  161  15:02  Overlord  
  161  15:03  Overlord  
  133  15:24  Hydralisk x2  
  133  15:25  Hydralisk x3  
  137  15:28  Hydralisk x2  
  137  15:29  Hydralisk x3  
  146  15:39  Hatchery  
  133  16:09  Queen  
  125  16:23  Hydralisk x2  
  125  16:24  Hydralisk x4  
  137  16:28  Hydralisk x5  
  137  16:29  Hydralisk  
  133  17:04  Hydralisk  
  133  17:05  Hydralisk x4  
  143  17:08  Hydralisk x2  
  143  17:09  Hydralisk x3  
  143  17:13  Hydralisk  
  143  17:14  Hydralisk  
  157  17:48  Hydralisk x3  
  157  17:49  Hydralisk x3  
  169  18:09  Hydralisk  
  169  18:12  Hydralisk x3  
  177  18:28  Overlord x4  
  175  19:14  Hatchery  
  174  19:29  Hydralisk x4  
  182  19:33  Hydralisk x2  
  182  19:36  Hydralisk  
  188  20:03  Hydralisk  
  188  20:04  Hydralisk x5  
  200  20:10  Hydralisk x2  
  200  20:11  Hydralisk x3  
  176  20:14  Hydralisk  
Tags
 
Add a new tag
Caveats
  • Supply blocks, unpowered buildings, or Contaminate may cause inaccurate times.
  • Supply counts are checked every 10 seconds.